 Dungeon Crawl Stone Soup version 0.26.1-11-gd32895ea62 (webtiles) character file.

Game seed: 9151139740581750952

11762 bnorton916 the Fighter (level 12, -31/102 HPs)
             Began as a Formicid Fighter on June 26, 2021.
             Was an Initiate of Gozag.
             Annihilated by a boulder beetle (52 damage)
             ... on level 1 of the Lair of Beasts.
             The game lasted 00:28:40 (14670 turns).

bnorton916 the Fighter (Formicid Fighter)          Turns: 14670, Time: 00:28:40

Health: -31/102    AC: 16    Str: 25    XL:     12   Next: 11%
Magic:  12/12      EV: 10    Int:  8    God:    Gozag
Gold:   482        SH: 12    Dex: 11    Spells: 11/11 levels left

rFire    . . .     SeeInvis +   C - +4 great sword (freeze)
rCold    + . .     Faith    .   c - +0 kite shield
rNeg     . . .     Spirit   .   b - +0 scale mail
rPois    .         Reflect  .   (helmet unavailable)
rElec    .         Harm     .   G - +2 cloak {Will+}
rCorr    .         Rampage  .   z - +2 pair of gloves
Will     ++...                  y - +0 pair of boots
Stlth    ..........             Q - amulet of regeneration
HPRegen  0.67/turn              k - ring of protection from cold
MPRegen  0.13/turn              (no ring)

@: no status effects
A: permanent stasis, dig shafts and tunnels, four strong arms, antennae 3
a: Dig, Shaft Self, Renounce Religion, Potion Petition, Call Merchant, Bribe
Branch


You were on level 1 of the Lair of Beasts.
You worshipped Gozag.
Gozag was aware of your devotion.
You visited 3 branches of the dungeon, and saw 13 of its levels.

You collected 2223 gold pieces.
You spent 491 gold pieces at shops.
You paid 1250 gold pieces to Gozag.

Inventory:

Hand Weapons
 a - a +0 war axe
 n - a +1 whip of venom
 p - a +2 whip of draining
 w - a +0 hand axe of draining
 A - a +2 whip of flaming
 C - a +4 great sword of freezing (weapon)
 D - a +2 vorpal hand axe
 E - a +0 battleaxe
 O - the +1 flail of Cuap {venom, rF+ SInv}
   (You bought it in a shop on level 9 of the Dungeon)

   It poisons the flesh of those it strikes.
   It protects you from fire.
   It lets you see invisible.
Armour
 b - a +0 scale mail (worn)
 c - a +0 kite shield (worn)
 y - a +0 pair of boots (worn)
 z - a +2 pair of gloves (worn)
 G - a +2 cloak of willpower (worn)
Jewellery
 k - a ring of protection from cold (left hand)
 Q - an amulet of regeneration (around neck)
Wands
 q - a wand of enslavement (6)
 u - a wand of polymorph (25)
 x - a wand of disintegration (21)
 I - a wand of flame (46)
 K - a wand of acid (5)
 N - a wand of iceblast (6)
 P - a wand of random effects (20)
Scrolls
 e - 3 scrolls of enchant armour
 f - 2 scrolls of enchant weapon
 g - 3 scrolls of magic mapping
 h - 2 scrolls of remove curse
 o - 3 scrolls of amnesia
 s - 2 scrolls of noise
 L - a scroll of identify
 M - 2 scrolls of fear
Potions
 d - 3 potions of might
 i - 2 potions of curing
 l - 4 potions of resistance
 m - a potion of mutation
 t - a potion of magic
 B - a potion of flight
 F - a potion of invisibility
Miscellaneous
 j - a lightning rod (4/4)


   Skills:
 + Level 12.3 Fighting
 + Level 11.0 Axes
 - Level 9.0 Armour
 - Level 9.0 Shields


You had 11 spell levels left.
You didn't know any spells.
Your spell library was empty.

Dungeon Overview and Level Annotations

Branches:
Dungeon (11/15)            Temple (1/1) D:4            Lair (1/6) D:10
    Orc (0/2) D:9

Altars:
Ashenzari
Cheibriados
Dithmenos
Elyvilon
Fedhas
Gozag
Hepliaklqana
Kikubaaqudgha
Makhleb
Nemelex Xobeh
Okawaru
Qazlal
Ru
Sif Muna
Trog
Uskayaw
Vehumet
Wu Jian
Xom
Yredelemnul
Zin
The Shining One

Shops:
D:9 ([

Annotations:
D:5 2 runed translucent doors, oc3rt's ghost, novice KoHu
D:10 3 runed translucent doors, Isherwood's ghost, journeyman MiFi; JayTheAdventurer's ghost, novice DECj; Uzeprotekshun's ghost, novice OpWz; nothank2's ghost, novice MiFi; phalm's ghost, journeyman GnCj


Innate Abilities, Weirdness & Mutations

You cannot be hasted, slowed, berserked, paralysed or teleported.
You can dig through walls and to a lower floor.
Your four strong arms can wield two-handed weapons with a shield.
You have a pair of large antennae on your head. (SInv)


Message History

You block the boulder beetle's attack. The boulder beetle barely misses you.
You hit the boulder beetle but do no damage.
The boulder beetle is lightly wounded.
The boulder beetle bites you!! The boulder beetle misses you.
You riposte.
You hit the boulder beetle but do no damage.
The boulder beetle is lightly wounded.
You slash the boulder beetle! You freeze the boulder beetle.
The boulder beetle is moderately wounded.
The boulder beetle bites you!!
* * * LOW HITPOINT WARNING * * *
The boulder beetle completely misses you.
The boulder beetle curls into a ball and begins rolling!
You block the boulder beetle's attack.
The boulder beetle stops rolling and uncurls.
The boulder beetle leaps!
The boulder beetle curls into a ball and begins rolling!
The boulder beetle hits you!!!
Ouch! That really hurt!
You die...
Your body crumbles into a pile of gold.

......#....# #.#
......##...#########..##
###P#.##...............#
########..............##
.......................#
......................#
............°.○.......#
..........°##○#B.###...
##P.##..°○.#####@# .#
......#○...##.....# #
...........##.....#
......#....#.......
......#....#........
......#....##.....##.
......#....##.##.## ..
......#....### #.# ..
.#.#.##. ...


You could see a boulder beetle.

Vanquished Creatures
  A death yak (D:9)
  A two-headed ogre (D:8)
  Pikel (D:8)
  An elephant (D:10)
  2 black mambas (Lair:1)
  Psyche (D:10)
  2 komodo dragons (Lair:1)
  3 cane toads (Lair:1)
  A troll (D:10)
  7 yaks
  2 basilisks
  2 water moccasins
  2 orc warriors
  A phantom (D:10)
  A black bear (D:10)
  An ice beast (D:7)
  2 ogres
  3 sky beasts
  6 wolves (Lair:1)
  A necrophage (D:7)
  5 centaurs
  2 big kobolds (D:3)
  Blork the orc (D:5)
  9 bullfrogs
  3 scorpions
  4 killer bees
  13 wights
  An electric eel (D:9)
  2 howler monkeys
  2 centaur zombies
  A quasit (D:6)
  3 bullfrog skeletons
  4 centaur skeletons
  5 hounds
  10 orc wizards
  6 orc priests
  4 iguanas
  Natasha (thrice) (D:3)
  9 worker ants
  2 hound skeletons (D:8)
  7 gnolls
  9 adders
  2 shadow imps (D:7)
  3 white imps
  3 ufetubi
  An ooze (D:7)
  An adder zombie (D:6)
  3 worms
  12 leopard geckos
  51 orcs
  4 ball pythons
  6 bat zombies (D:9)
  2 giant cockroaches
  13 goblins
  16 hobgoblins
  17 jackals
  3 quokkas
  5 bats
  7 frilled lizards
  24 kobolds
  2 leopard gecko skeletons
  11 rats
  A rat zombie (D:9)
333 creatures vanquished.

Vanquished Creatures (others)
  2 fungi
  7 plants
9 creatures vanquished.

Grand Total: 342 creatures vanquished

Notes
Turn   | Place    | Note
-------+----------+-------------------------------------------
     0 | D:1      | bnorton916 the Formicid Fighter began the quest for the
                  | Orb.
     0 | D:1      | Reached XP level 1. HP: 18/18 MP: 1/1
    56 | D:1      | Reached XP level 2. HP: 19/24 MP: 2/2
   476 | D:1      | Reached XP level 3. HP: 12/29 MP: 3/3
  1021 | D:2      | Found an ornate altar of the Wu Jian Council.
  1222 | D:2      | Reached XP level 4. HP: 37/37 MP: 4/4
  1274 | D:2      | Noticed a sky beast
  1282 | D:2      | Killed a sky beast
  1283 | D:2      | Reached skill level 4 in Fighting
  1283 | D:2      | Reached XP level 5. HP: 35/42 MP: 5/5
  1882 | D:3      | Found a bloodstained altar of Trog.
  1946 | D:3      | Noticed Natasha
  1982 | D:3      | Killed Natasha
  1983 | D:3      | Reached XP level 6. HP: 36/49 MP: 6/6
  2250 | D:3      | Reached skill level 5 in Shields
  2278 | D:3      | Noticed Natasha
  2284 | D:3      | Killed Natasha
  2285 | D:3      | Reached XP level 7. HP: 50/55 MP: 7/7
  2578 | D:3      | Noticed Natasha
  2588 | D:3      | Killed Natasha
  2589 | D:3      | Reached skill level 5 in Fighting
  2589 | D:3      | Reached skill level 5 in Armour
  3616 | D:4      | Found a staircase to the Ecumenical Temple.
  3625 | Temple   | Entered the Ecumenical Temple
  3679 | Temple   | Became a worshipper of Gozag Ym Sagoz the Greedy
  4297 | D:5      | Entered Level 5 of the Dungeon
  4312 | D:5      | Reached XP level 8. HP: 63/63 MP: 8/8
  4366 | D:5      | Noticed Blork the orc
  4388 | D:5      | Killed Blork the orc
  4696 | D:5      | Reached skill level 6 in Fighting
  4884 | D:5      | Reached skill level 5 in Axes
  4955 | D:5      | Found a runed translucent door.
  5082 | D:5      | Found a runed translucent door.
  5083 | D:5      | Noticed oc3rt's ghost (novice KoHu)
  5346 | D:6      | Reached XP level 9. HP: 64/71 MP: 9/9
  5752 | D:6      | Found an iron altar of Okawaru.
  5993 | D:6      | Reached skill level 7 in Fighting
  7634 | D:7      | Found a hazy altar of Hepliaklqana.
  7759 | D:8      | Reached XP level 10. HP: 80/80 MP: 10/10
  7794 | D:7      | Reached skill level 8 in Fighting
  8176 | D:8      | Noticed Pikel
  8192 | D:8      | Killed Pikel
  8241 | D:8      | Found a burning altar of Makhleb.
  8370 | D:8      | Noticed a two-headed ogre
  8373 | D:8      | You fall into a shaft and drop 3 floors!
  8604 | D:11     | Found an ornate altar of the Wu Jian Council.
  8606 | D:10     | Entered Level 10 of the Dungeon
  8624 | D:10     | Reached skill level 9 in Fighting
  9088 | D:9      | Found an ancient bone altar of Kikubaaqudgha.
  9246 | D:9      | Found a white marble altar of Elyvilon.
  9543 | D:9      | Found a sacrificial altar of Ru.
  9620 | D:9      | Reached skill level 10 in Fighting
  9620 | D:9      | Reached XP level 11. HP: 56/90 MP: 11/11
  9857 | D:9      | Found a staircase to the Orcish Mines.
 10010 | D:8      | Noticed an angel
 10011 | D:8      | Found a glowing silver altar of Zin.
 10151 | D:8      | Found a radiant altar of Vehumet.
 10476 | D:8      | Killed a two-headed ogre
 10839 | D:8      | Found a shadowy altar of Dithmenos.
 11554 | D:10     | Noticed an elephant
 11565 | D:10     | Noticed Psyche
 11577 | D:10     | Killed an elephant
 11578 | D:10     | Reached skill level 11 in Fighting
 11590 | D:10     | Killed Psyche
 11787 | D:10     | Noticed a death yak
 11984 | D:9      | Bought a buzzing flail for 255 gold pieces
 12000 | D:9      | Bought a +2 cloak of willpower for 236 gold pieces
 12036 | D:9      | Killed a death yak
 12037 | D:9      | Reached skill level 10 in Axes
 12727 | D:10     | Found a staircase to the Lair.
 12838 | D:10     | Found a runed translucent gate.
 12839 | D:10     | Found a runed translucent gate.
 12839 | D:10     | Found a runed translucent gate.
 12839 | D:10     | Noticed Uzeprotekshun's ghost (novice OpWz)
 12839 | D:10     | Noticed Isherwood's ghost (journeyman MiFi)
 12839 | D:10     | Noticed phalm's ghost (journeyman GnCj)
 12839 | D:10     | Noticed nothank2's ghost (novice MiFi)
 12839 | D:10     | Noticed JayTheAdventurer's ghost (novice DECj)
 13503 | Lair:1   | Entered Level 1 of the Lair of Beasts
 13525 | Lair:1   | Identified the cursed +1 flail of Cuap {venom, rF+ SInv}
                  | (You bought it in a shop on level 9 of the Dungeon)
 14292 | Lair:1   | Reached skill level 12 in Fighting
 14435 | Lair:1   | Noticed a boulder beetle
 14440 | Lair:1   | Reached XP level 12. HP: 84/102 MP: 12/12
 14670 | Lair:1   | Annihilated by a boulder beetle

Illustrated notes

Levels and vault maps discovered:
D:1:      minmay_arrival_up_and_down, layout_basic
D:2:      layout_loops_cross, nicolae_overflow_crystal_walls
D:3:      cheibrodos_thug_alley, layout_loops_corners, trog_hazing_becter,
          uniq_natasha
D:4:      layout_cave_pools, minmay_temple_entry_poolview
D:5:      layout_loops_ring, ebering_ghost_sewer_f, uniq_blork_the_orc
D:6:      corexii_shantytown, layout_basic, okawaru_metal_pillars_1_2
D:7:      layout_cave_pools, nzn_hepliaklqana_mist_gate
D:8:      layout_cave_pools, lemuel_doored_altar, marbit_many_paths, zin_angel,
          bloody_makhleb, uniq_pikel
D:9:      layout_basic, elyvilon_altar_5, lemuel_zombie_altar_kikubaaqudgha,
          general_overflow_altar, orc_0_dummy, minivault_11, disabler_island
D:10:     layout_layer_cave, david_lair_generic, gammafunk_ghost_cemetery,
          nicolae_wwwww, uniq_psyche
D:11:     layout_basic, maelrawn_ghost_gauntlet_escape, basic_altar, uniq_snorg
Temple:   nicolae_temple_god_jail
Lair:1:   layout_regular_city, nzn_sisyphean_effort

Skill      XL: |  1  2  3  4  5  6  7  8  9 10 11 12 |
---------------+-------------------------------------+-----
Shields        | 4 5 6 7 8 9 |  9.0
Fighting       | 4 5 6 7 10 12 | 12.3
Axes           | 3 4 5 6 8 10 11 | 11.0
Armour         | 4 5 6 7 9 |  9.0

Action                   |  1- 3 |  4- 6 |  7- 9 | 10-12 || total
-------------------------+-------+-------+-------+-------++-------
Melee: War axe           |    99 |       |       |       ||    99
       Whip              |     9 |   165 |    98 |       ||   272
       Hand axe          |       |       |   438 |   493 ||   931
       Great sword       |       |       |    29 |    35 ||    64
       Flail             |       |       |       |    45 ||    45
Invok: Call Merchant     |       |       |       |     2 ||     2
 Abil: Dig               |       |     5 |     6 |    22 ||    33
       Shaft Self        |       |       |       |     1 ||     1
Evoke: Wand              |       |       |     3 |     7 ||    10
  Use: Scroll            |       |       |    19 |     1 ||    20
       Potion            |       |       |       |    11 ||    11
 Stab: Distracted        |       |       |       |     2 ||     2
Armor: Scale mail        |    50 |    55 |   204 |   158 ||   467
Dodge: Dodged            |    32 |    34 |   190 |   192 ||   448
Block: Kite shield       |    55 |    79 |   289 |   273 ||   696
       Rpst.: Great sword |       |       |     2 |     6 ||     8
